 Dungeon Crawl Stone Soup version 0.31-a0-1090-gc13cea2 (webtiles) character file.

Game seed: 13224317584094221777

2163420 DevouringOne the Acrobat (level 26, 288/288 HPs)
             Began as a Merfolk Fighter on Nov 28, 2023.
             Was an Initiate of Gozag.
             Escaped with the Orb
             ... and 3 runes!
             The game lasted 01:12:48 (41549 turns).

DevouringOne the Acrobat (Merfolk Fighter)         Turns: 41549, Time: 01:12:48

Health: 288/288    AC: 39    Str: 21    XL:     26   Next: 27%
Magic:  23/23      EV: 26    Int: 17    God:    Gozag
Gold:   2768       SH: 22    Dex: 10    Spells: 25/25 levels left

rFire   + + +        k - +9 demon trident (protect)
rCold   + . .        l - +2 tower shield {AC+3}
rNeg    + . .        u - melded +11 chain mail of the Moon {Fly rPois Dex+3}
rPois   ∞            S - +0 helmet of the Planets {+Inv rF+ Int+3}
rElec   +            D - scarf {repulsion}
rCorr   +            o - melded +0 pair of gloves
SInv    +            M - melded +1 pair of boots
Will    ++...        Y - amulet "Yza Suon" {Will+ Regen+ rCorr Str-5 Slay+2}
Stlth   +            L - ring "Uxzo" {rC+ EV+5 Dex-5 SInv}
HPRegen 1.48/turn    Z - ring of the Saviour {rElec rF++ Int+6}
MPRegen 0.18/turn

%: repel missiles
@: statue-form, very slow
A: slow and powerful, torment resistance 1, boosted hp, (nimble swimmer 2),
mertail
0: Orb of Zot
}: 3/15 runes: decaying, serpentine, silver
a: Begin Untransformation, Renounce Religion, Evoke Invisibility, Potion
Petition, Call Merchant, Bribe Branch


You escaped.
You worshipped Gozag.
Gozag was most pleased with you.
You were a living statue of rough stone.
You visited 8 branches of the dungeon, and saw 44 of its levels.
You visited 1 bazaar.
You visited 1 ziggurat, and saw 4 of its levels.
You also visited: Ice Cave and Desolation.

You collected 24395 gold pieces.
You spent 4457 gold pieces at shops.
You paid 17170 gold pieces to Gozag.

Inventory:

Hand Weapons
 k - a +9 demon trident of protection (weapon)
Missiles
 a - 11 curare-tipped darts
 m - 24 poisoned darts
 y - 5 throwing nets
Armour
 l - a +2 tower shield of protection (worn)
 o - a +0 pair of gloves (melded)
 u - the +11 chain mail of the Moon (melded) {Fly rPois Dex+3}
   (You bought it in a shop on level 11 of the Dungeon)

   Dex+3:     It affects your dexterity (+3).
   rPois:     It protects you from poison Fly: It grants you flight.
 D - a scarf of repulsion (worn)
 G - a +2 buckler of protection
 M - a +1 pair of boots (melded)
 S - the +0 helmet of the Planets (worn) {+Inv rF+ Int+3}
   (You acquired it on level 3 of the Swamp)

   Int+3:     It affects your intelligence (+3).
   rF+:       It protects you from fire.
   +Inv:      It lets you turn invisible.
Jewellery
 L - the ring "Uxzo" (left fist) {rC+ EV+5 Dex-5 SInv}
   (You found it in an ice cave)

   [ring of evasion]

   EV+5:      It affects your evasion (+5).
   Dex-5:     It affects your dexterity (-5).
   rC+:       It protects you from cold.
   SInv:      It lets you see invisible.
 T - a ring of willpower
 U - the ring "Ighaim" {Will+ Dex+6}
   (You found it on level 13 of the Dungeon)

   [ring of dexterity]

   Dex+6:     It affects your dexterity (+6).
   Will+:     It increases your willpower.
 X - the ring "Bubbid" {rN+ Str+6 Int+3}
   (You took it off a ragged hierophant in the Desolation of Salt)

   [ring of strength]

   Str+6:     It affects your strength (+6).
   Int+3:     It affects your intelligence (+3).
   rN+:       It protects you from negative energy.
 Y - the amulet "Yza Suon" (around neck) {Will+ Regen+ rCorr Str-5 Slay+2}
   (You found it in the Desolation of Salt)

   [amulet of regeneration]

   Str-5:     It affects your strength (-5).
   Slay+2:    It affects your accuracy & damage with ranged weapons and melee
   (+2).
   Will+:     It increases your willpower.
   Regen+:    It increases your rate of health regeneration.
   rCorr:     It protects you from acid and corrosion.
 Z - the ring of the Saviour (right fist) {rElec rF++ Int+6}
   (You found it in the Desolation of Salt)

   [ring of intelligence]

   Int+6:     It affects your intelligence (+6).
   rF++:      It greatly protects you from fire.
   rElec:     It insulates you from electricity.
Talismans
 E - a granite talisman (active)
 W - a storm talisman
Wands
 n - a wand of roots (30)
 r - a wand of flame (21)
 F - a wand of mindburst (4)
 I - a wand of paralysis (6)
 V - a wand of digging (1)
Scrolls
 g - 2 scrolls of poison
 h - 9 scrolls of teleportation
 i - 11 scrolls of fog
 v - 6 scrolls of immolation
 z - 4 scrolls of enchant weapon
 A - 7 scrolls of amnesia
 K - a scroll of torment
 N - 4 scrolls of noise
 P - 5 scrolls of vulnerability
Potions
 b - 2 potions of invisibility
 d - 7 potions of brilliance
 e - 12 potions of ambrosia
 f - 4 potions of heal wounds
 p - 17 potions of curing
 q - 4 potions of attraction
 s - 2 potions of enlightenment
 t - 3 potions of mutation
 x - a potion of berserk rage
 J - a potion of haste
 O - 3 potions of cancellation
 Q - 3 potions of resistance
 R - 2 potions of lignification
Miscellaneous
 w - a phantom mirror (inert)
 C - a lightning rod (4/4)


   Skills:
 - Level 21.5 Fighting
 - Level 24.8 Polearms
 - Level 2.1 Armour
 - Level 26.7 Dodging
 - Level 4.1 Stealth
 + Level 20.6 Shields
 - Level 22.8 Shapeshifting


You had 25 spell levels left.
You didn't know any spells.
Your spell library contained the following spells:

 Spells                   Type           Power      Damage    Failure   Level
 Apportation              Tloc           0%         N/A       36%         1
 Kiss of Death            Conj/Necr      0%         2d5       36%         1
 Necrotise                Necr           0%         1d4       36%         1
 Sandblast                Erth           0%         2d4       36%         1
 Shock                    Conj/Air       0%         1d3       36%         1
 Blink                    Tloc           0%         N/A       52%         2
 Jinxbite                 Hex            0%         N/A       52%         2
 Lesser Beckoning         Tloc           0%         N/A       52%         2
 Momentum Strike          Conj/Tloc      0%         3d8       52%         2
 Poisonous Vapours        Pois/Air       0%         N/A       52%         2
 Call Canine Familiar     Summ           0%         N/A       75%         3
 Confusing Touch          Hex            0%         N/A       75%         3
 Dazzling Flash           Conj/Hex       0%         N/A       75%         3
 Frozen Ramparts          Ice            0%         1d1       75%         3
 Gell's Gravitas          Tloc           0%         N/A       75%         3
 Hailstorm                Conj/Ice       0%         3d3       75%         3
 Mephitic Cloud           Conj/Pois/Air  0%         N/A       75%         3
 Sigil of Binding         Hex            0%         N/A       75%         3
 Summon Guardian Golem    Hex/Summ       0%         N/A       75%         3
 Swiftness                Air            0%         N/A       75%         3
 Teleport Other           Tloc           0%         N/A       75%         3
 Tukima's Dance           Hex            0%         N/A       75%         3
 Volatile Blastmotes      Fire/Tloc      0%         2d10      75%         3
 Airstrike                Air            0%         2d(0-16)  98%         4
 Animate Armour           Summ/Erth      0%         N/A       98%         4
 Brom's Barrelling Bould  Conj/Erth      0%         2d3       98%         4
 Cause Fear               Hex            0%         N/A       98%         4
 Dimensional Bullseye     Hex/Tloc       0%         N/A       98%         4
 Dispel Undead            Necr           0%         3d6       98%         4
 Fulminant Prism          Conj/Hex       0%         3d5       98%         4
 Iskenderun's Mystic Bla  Conj/Tloc      0%         2d3       98%         4
 Leda's Liquefaction      Hex/Erth       0%         N/A       98%         4
 Passage of Golubria      Tloc           0%         N/A       98%         4
 Petrify                  Tmut/Erth      0%         N/A       98%         4
 Summon Ice Beast         Ice/Summ       0%         N/A       98%         4
 Summon Lightning Spire   Summ/Air       0%         N/A       98%         4
 Agony                    Necr           0%         N/A       100%        5
 Alistair's Intoxication  Tmut/Pois      0%         N/A       100%        5
 Borgnjor's Vile Clutch   Necr/Erth      0%         N/A       100%        5
 Fireball                 Conj/Fire      0%         3d3       100%        5
 Freezing Cloud           Conj/Ice/Air   0%         6-21      100%        5
 Iskenderun's Battlesphe  Conj           0%         2d6       100%        5
 Lee's Rapid Deconstruct  Erth           0%         3d4*      100%        5
 Metabolic Englaciation   Hex/Ice        0%         N/A       100%        5
 Silence                  Hex/Air        0%         N/A       100%        5
 Summon Mana Viper        Hex/Summ       0%         N/A       100%        5
 Yara's Violent Unravell  Hex/Tmut       0%         3d3       100%        5
 Bombard                  Conj/Erth      0%         9d1       100%        6
 Conjure Ball Lightning   Conj/Air       0%         3x3d6     100%        6
 Death Channel            Necr           0%         N/A       100%        6
 Dispersal                Tloc           0%         N/A       100%        6
 Haunt                    Necr/Summ      0%         N/A       100%        7
 Monstrous Menagerie      Summ           0%         N/A       100%        7
 Orb of Destruction       Conj           0%         9d5       100%        7
 Spellforged Servitor     Conj/Summ      0%         N/A       100%        7
 Borgnjor's Revivificati  Necr           0%         N/A       100%        8
 Infestation              Necr           0%         N/A       100%        8
 Lehudib's Crystal Spear  Conj/Erth      0%         10d2      100%        8
 Death's Door             Necr           0%         N/A       100%        9
 Dragon's Call            Summ           0%         N/A       100%        9
 Animate Dead             Necr           Unusable   N/A       N/A         4
 Simulacrum               Ice/Necr       Unusable   N/A       N/A         6

Dungeon Overview and Level Annotations

Branches:
Dungeon (15/15)            Temple (0/1) D:6            Lair (5/5) D:10
  Swamp (4/4) Lair:2        Snake (4/4) Lair:3        Slime (0/5) Lair:4
    Orc (2/2) D:12            Elf (0/3) Orc:2        Vaults (5/5) D:13
  Crypt (0/3) Vaults:2     Depths (4/4) D:15            Zot (5/5) Depths:4
  IceCv (visited)         Desolation (visited)

Altars:
Ashenzari
Cheibriados
Dithmenos
Elyvilon
Fedhas
Gozag
Hepliaklqana
Makhleb
Nemelex Xobeh
Okawaru
Qazlal
Sif Muna
Trog
Vehumet
Xom
Yredelemnul
Zin
The Shining One
Jiyva

Shops:
D:5 :   D:6 :   D:11 *=[   Orc:2 [![:   Lair:2 [   Lair:5 *   Swamp:1 [
Snake:1 (   Snake:3 (   Vaults:2 [=

Portals:
Hell: Depths:4

Annotations:
D:3 1 runed translucent door, Crazy Yiuf
D:6 5 runed translucent doors
D:10 1 runed translucent door, Kave's ghost, journeyman TrSh
D:13 1 runed translucent door, Haresteo's ghost, journeyman TrSh
D:14 4 transporters
Lair:3 3 runed translucent doors, Agrajag's ghost, journeyman HOHs
Lair:4 1 runed translucent door
Swamp:3 2 transporters, Qagg's ghost, adept KoBe
Vaults:2 2 transporters, exclusion: orange crystal statue
Zot:1 28 runed doors, Celeygasm's ghost, legendary DsGl; Cuehoi Muffi's ghost, legendary TeBe; Egutz's ghost, master TrFi; Gusador's ghost, legendary MiFi; Iqymp's ghost, legendary MiFi


Innate Abilities, Weirdness & Mutations

You are a living statue of rough stone.
Your actions are slow, but your melee attacks are powerful.
You are resistant to unholy torment.
Your maximum health is greatly increased.
Your equipment is partially melded.
You are immune to poison.
((You are very nimble when in or above water. (Stealth+, EV+, Speed+++)))
Your lower body shifts to a powerful aquatic tail in water.


Message History

You kill the Orb Guardian!
No target in view!
No target in view!
No target in view!
No target in view!
What level of the Dungeon? (default 1, ? - help)
There is a stone staircase leading up here.
You climb upwards.
Level annotation: 1 runed translucent door, Crazy Yiuf
There is a stone staircase leading down here.
HP restored.
A tormentor comes into view.
There is a stone staircase leading up, spattered with blood here.
The tormentor completely misses you. You block the tormentor's attack.
You climb upwards.
There is a stone staircase leading down here.
What level of the Dungeon? (default 1, ? - help)
An Orb Guardian comes into view.
You block the Orb Guardian's attack.
You puncture the Orb Guardian!
Your weapon exudes an aura of protection.
The Orb Guardian is lightly wounded.
You block the Orb Guardian's attack.
You barely miss the Orb Guardian.
The Orb Guardian is lightly wounded.
You block the Orb Guardian's attack. x2
You stick the Orb Guardian like a pincushion!!!
The Orb Guardian is heavily wounded.
You block the Orb Guardian's attack.
You perforate the Orb Guardian like a sieve!!!
You kill the Orb Guardian!
No target in view!
You now have 2768 gold pieces (gained 28).
There is a stone staircase leading up here.
What level of the Dungeon? (default 1, ? - help)
There is a stone staircase leading up here.
You climb upwards.
There is a stone staircase leading down here.
There is a staircase leading out of the dungeon here.
You have escaped!

#...... ############÷.....
########.................
#P.............P##.......
#~P...........P~#........
#~~P.........P~≈#........
#≈~~P.......P~≈≈#........
#≈≈≈~P.....P~~≈≈#....####
#≈≈≈≈~P.8.P~~≈≈≈#>...#...
#######≈≈~~P.....P~≈≈≈#........
#.....#≈~~P.......P~≈≈#..######
#...#.#~~P.........P~~#..#
#.#.#.#~P...........P≈#..# ####
# #...#.#P.............P#..#
#... #
##.#.....................# #.##
## #........#..............#
#.# .#
#........#.########.##..###'##


There were no monsters in sight!

Vanquished Creatures
  A seraph (Depths:2)
  A dread lich (Vaults:5)
  An ancient lich (Vaults:5)
  Mara (Vaults:4)
  2 Killer Klowns (Zot:2)
  3 caustic shrikes (Depths:4)
  A curse toe (Zot:1)
  Xtahua (Vaults:2)
  11 golden dragons
  A Tzitzimitl (Zot:3)
  A Brimstone Fiend (D:15)
  A Hell Sentinel (Depths:3)
  3 tentacled monstrosities
  10 Orb Guardians
  2 walking frostbound tomes (Depths:4)
  A lich (Depths:4)
  A death cob (Zot:1)
  A sphinx (shapeshifter) (Vaults:5)
  5 quicksilver dragons
  3 titans (Vaults:5)
  3 Executioners
  Agnes (Snake:1)
  6 sphinxes
  10 shadow dragons
  Roxanne (Snake:3)
  Kirke (Lair:4)
  4 thorn hunters
  Gastronok (Lair:2)
  A demonspawn warmonger (D:13)
  3 storm dragons
  Donald (Snake:2)
  5 tengu reavers
  2 draconian knights
  3 draconian monks
  3 nagarajas (Snake:4)
  5 fire giants
  2 azure jellies (IceCv)
  4 frost giants
  A daeva (Zot:3)
  3 balrugs
  3 iron dragons
  4 imperial myrmidons (Desolation)
  2 ghost moths (Zot:5)
  2 draconian annihilators (Depths:4)
  4 draconian scorchers
  2 draconian shifters
  5 draconian stormcallers
  24 vault wardens
  An orc warlord (Orc:2)
  4 war gargoyles
  2 spriggan defenders (Depths:4)
  4 stone giants
  3 apis
  8 very ugly things
  An ophan (Zig:4)
  A quicksilver ooze (IceCv)
  5 formless jellyfish
  18 ironbound preservers
  3 ironbound thunderhulks
  2 black draconians (Depths:4)
  9 green draconians
  6 eleionomae
  7 purple draconians
  3 red draconians
  5 bunyips
  12 white draconians
  6 yellow draconians
  A deep elf death mage (Vaults:2)
  13 ettins
  2 shambling mangroves
  A blizzard demon (Depths:4)
  2 fire dragons
  2 crystal guardians (Desolation)
  8 ragged hierophants (Desolation)
  An entropy weaver (Vaults:4)
  2 deep elf high priests
  7 great orbs of eyes
  16 yaktaur captains
  An ice dragon (Depths:4)
  3 salamander tyrants
  48 vault guards
  3 rakshasas
  7 servants of whispers (Desolation)
  25 hydras
  3 centaur warriors
  8 peacekeepers
  6 ironbound frosthearts
  2 spriggan air magi (Depths:4)
  An alligator (shapeshifter) (Vaults:5)
  A ghost crab (Swamp:3)
  6 anacondas
  3 boulder beetles
  7 alligators
  3 two-headed ogres
  3 hell hogs (Depths:4)
  3 ogre magi
  4 deep troll shamans
  2 tengu warriors (Depths:3)
  3 deep troll earth magi
  9 hell knights
  14 naga warriors
  7 naga sharpshooters
  3 orc high priests (Orc:2)
  3 soul eaters (Depths:4)
  A spriggan berserker (Depths:3)
  5 shock serpents
  2 occultists
  A vampire mage (Vaults:2)
  Sonja (Lair:1)
  3 spriggans
  Urug (Lair:3)
  Nergalle (Lair:1)
  4 cherubim
  A shadow wraith (Depths:4)
  3 sun demons (Depths:4)
  5 iron trolls
  A skyshark (Lair:2)
  4 salamander mystics
  2 goliath frogs
  2 skeletal warriors (Depths:4)
  Lodul (D:11)
  A flayed ghost (Vaults:5)
  A glowing orange brain (Vaults:4)
  3 bog bodies
  2 quicksilver dragon simulacra (Depths:4)
  8 naga ritualists
  54 deep trolls
  10 swamp dragons
  10 arcanists
  A mana viper (shapeshifter) (Vaults:5)
  5 orc knights
  A deep elf zephyrmancer (D:15)
  14 harpies
  23 ironbound convokers
  2 necromancers
  2 lindwurms (Vaults:2)
  8 mana vipers
  6 phantasmal warriors (Vaults:5)
  27 ugly things
  3 manticores
  10 orc sorcerers
  A faun (shapeshifter) (Vaults:4)
  A cyclops (D:12)
  3 will-o-the-wisps
  22 salamanders
  10 moths of wrath
  A smoke demon (D:15)
  17 elephants
  6 guardian serpents
  22 vault sentinels
  42 black mambas
  4 ice statues
  A gargoyle (D:12)
  A guardian serpent (shapeshifter) (D:13)
  3 torpor snails
  21 naga magi
  9 cane toads
  25 yaktaurs
  4 kobold blastminers (Orc:2)
  5 rime drakes
  2 unseen horrors
  3 ice devils
  8 freezing wraiths
  A tormentor (D:10)
  5 komodo dragons
  A queen bee (Lair:1)
  3 trolls
  A polar bear (Vaults:2)
  A bloated husk (Swamp:3)
  6 tyrant leeches
  A tarantella (shapeshifter) (D:14)
  60 saltlings
  A wolf spider simulacrum (D:15)
  5 hornets
  7 dream sheep (Lair:5)
  Prince Ribbit (Lair:3)
  A dream sheep (shapeshifter) (Vaults:1)
  20 blink frogs
  32 slime creatures
  Sigmund (D:3)
  2 vampires (Vaults:2)
  42 yaks
  6 basilisks
  A wyvern (shapeshifter) (Vaults:5)
  A hog (shapeshifter) (Vaults:5)
  17 humans (D:13)
  8 wyverns
  2 wraiths
  A hog (Lair:4)
  A redback (Vaults:4)
  2 vampire mosquitoes (Swamp:1)
  2 steam dragons
  2 wargs
  An acid dragon (D:14)
  17 swamp worms
  53 nagas
  2 great orb of eyes simulacra (IceCv)
  12 water moccasins
  22 orc warriors
  2 sky beasts (D:7)
  11 swamp drakes
  6 ice beasts
  A meliai simulacrum (D:15)
  2 black bears
  2 ettin simulacra (Depths:4)
  3 boggarts (Vaults:3)
  10 wolves
  12 centaurs
  16 ogres
  A phantom (D:6)
  A slime creature simulacrum (IceCv)
  12 bullfrogs
  Blork the orc (D:4)
  3 scorpions
  6 glowing shapeshifter simulacra (IceCv)
  4 wights (D:7)
  30 killer bees
  4 electric eels (Lair:3)
  6 howler monkeys
  5 lava snakes (Lair:3)
  2 jellies
  3 hounds
  13 orc priests
  An iron imp (D:7)
  A gnoll bouda (D:6)
  A sleepcap (D:6)
  8 iguanas
  Natasha (thrice) (D:4)
  31 orc wizards
  3 shapeshifter simulacra (IceCv)
  A boggart skeleton (D:15)
  18 gnolls
  7 adders
  3 shadow imps
  2 white imps
  2 ufetubi (D:6)
  2 worms
  2 dart slugs
  73 orcs
  7 ball pythons
  2 bats
  6 endoplasms
  2 giant cockroaches (D:4)
  5 goblins
  8 hobgoblins
  A quokka (D:2)
  8 frilled lizards
  A goblin zombie (D:7)
  A hobgoblin zombie (D:7)
  2 kobolds
  A kobold skeleton (D:7)
  3 kobold zombies (D:7)
  3 orc skeletons (D:7)
  2 orc zombies (D:7)
  12 rats
1649 creatures vanquished.

Vanquished Creatures (collateral kills)
  3 dread liches (Zot:5)
  6 Killer Klowns (Zot:5)
  2 tentacled monstrosities (Zot:5)
  An electric golem (Zot:5)
  A quicksilver dragon (Zot:5)
  13 Orb Guardians (Zot:5)
  2 storm dragons (Zot:5)
  A draconian stormcaller (Zot:5)
  2 red draconians (Zot:5)
  A purple draconian (Zot:5)
  2 moths of wrath (Zot:5)
  An acid dragon (Lair:5)
  An iguana (Lair:5)
36 creatures vanquished.

Vanquished Creatures (others)
  2 orbs of fire (Zot:5)
  An electric golem (Zot:5)
  A lich (Vaults:5)
  3 Orb Guardians (Zot:5)
  A thorn hunter (Swamp:4)
  A draconian knight (Zot:2)
  A draconian stormcaller (Zot:5)
  A stone giant (Vaults:5)
  A red draconian (Zot:5)
  A hydra (Swamp:3)
  2 alligators (Swamp:3)
  A moth of wrath (Zot:1)
  A yaktaur (Vaults:5)
  2 bloated husks
  A vampire (Vaults:2)
  A swamp worm (Swamp:4)
  A water moccasin (Lair:4)
  4 foxfires
26 creatures vanquished.

Grand Total: 1711 creatures vanquished

Notes
Turn   | Place    | Note
-------+----------+-------------------------------------------
     0 | D:1      | DevouringOne the Merfolk Fighter began the quest for the
                  | Orb.
     0 | D:1      | Reached XP level 1. HP: 18/18 MP: 1/1
   284 | D:1      | Reached XP level 2. HP: 15/25 MP: 2/2
   478 | D:1      | Found a faded altar of an unknown god.
   788 | D:2      | Reached XP level 3. HP: 30/30 MP: 3/3
  1244 | D:3      | Noticed an ice beast
  1247 | D:3      | Reached XP level 4. HP: 26/38 MP: 4/4
  1319 | D:3      | Noticed Sigmund
  1413 | D:3      | Killed Sigmund
  1414 | D:3      | Reached skill level 5 in Fighting
  1414 | D:3      | Reached skill level 5 in Polearms
  1414 | D:3      | Reached XP level 5. HP: 38/44 MP: 5/5
  1414 | D:3      | Reached XP level 6. HP: 44/51 MP: 6/6
  1422 | D:3      | Identified the +0 leather armour of Lyiruts {-Cast rF+
                  | Stlth+}
  1534 | D:3      | Found a burning altar of Makhleb.
  2035 | D:3      | Found a shimmering blue altar of Sif Muna.
  2223 | D:3      | Killed an ice beast
  2224 | D:3      | Reached XP level 7. HP: 42/59 MP: 7/7
  2467 | D:3      | Found a runed translucent door.
  2468 | D:3      | Noticed Crazy Yiuf
  2637 | D:4      | Noticed Natasha
  2645 | D:4      | Killed Natasha
  2663 | D:4      | Found an iron altar of Okawaru.
  2679 | D:4      | Found a broken altar of Ashenzari.
  2690 | D:4      | Noticed Natasha
  2695 | D:4      | Killed Natasha
  2717 | D:4      | Found an opulent altar of Gozag.
  2722 | D:4      | Became a worshipper of Gozag Ym Sagoz the Greedy
  2885 | D:4      | Found a sparkling altar of Nemelex Xobeh.
  3082 | D:4      | Found a shimmering altar of Xom.
  3084 | D:4      | Found a glowing golden altar of the Shining One.
  3084 | D:4      | Found a shimmering altar of Xom.
  3086 | D:4      | Found a broken altar of Ashenzari.
  3086 | D:4      | Found a glowing silver altar of Zin.
  3086 | D:4      | Found an opulent altar of Gozag.
  3285 | D:4      | Noticed Natasha
  3292 | D:4      | Killed Natasha
  3455 | D:4      | Noticed Blork the orc
  3461 | D:4      | Killed Blork the orc
  3644 | D:5      | Entered Level 5 of the Dungeon
  3724 | D:5      | Reached XP level 8. HP: 60/67 MP: 8/8
  3932 | D:5      | Found Quciul's Book Shoppe.
  4020 | D:5      | Found a blossoming altar of Fedhas.
  4121 | D:5      | Found a snail-covered altar of Cheibriados.
  4206 | D:5      | Found a basalt altar of Yredelemnul.
  4218 | D:5      | Identified a scroll of acquirement
  4218 | D:5      | Acquired a +2 demon trident of draining
  4304 | D:6      | Found the +9 staff of Olgreb {rPois∞}
  4332 | D:6      | Identified the +0 long sword "Ogrebane" {flame, rPois rC-
                  | SInv}
  4388 | D:6      | Found Asiup's Book Boutique.
  4457 | D:6      | Found a staircase to the Ecumenical Temple.
  4507 | D:6      | Found a hazy altar of Hepliaklqana.
  4683 | D:6      | Reached skill level 10 in Polearms
  4800 | D:6      | Found a runed translucent gate.
  4802 | D:6      | Found a runed translucent gate.
  4802 | D:6      | Found a runed translucent gate.
  4811 | D:6      | Found a runed translucent door.
  4824 | D:6      | Found a runed translucent door.
  5062 | D:7      | Reached XP level 9. HP: 69/76 MP: 9/9
  5118 | D:7      | Found a glowing golden altar of the Shining One.
  5297 | D:7      | Found a radiant altar of Vehumet.
  5399 | D:7      | Reached skill level 10 in Fighting
  5799 | D:8      | Reached XP level 10. HP: 74/88 MP: 10/10
  5848 | D:8      | Found a bloodstained altar of Trog.
  6197 | D:8      | Found a glowing silver altar of Zin.
  6197 | D:8      | Noticed an angel
  6722 | D:9      | Identified the +3 rapier of Ru, Destroying {heavy, *Slow
                  | rC++ Stlth+}
  7539 | D:10     | Entered Level 10 of the Dungeon
  7573 | D:10     | Noticed an elephant
  7575 | D:10     | Noticed an elephant
  7581 | D:10     | Killed an elephant
  7592 | D:10     | Killed an elephant
  7596 | D:10     | Noticed a boulder beetle
  7698 | D:10     | Killed a boulder beetle
  7699 | D:10     | Reached skill level 15 in Polearms
  7699 | D:10     | Reached XP level 11. HP: 35/98 MP: 11/11
  7929 | D:10     | Found a staircase to the Lair.
  7991 | D:10     | Noticed a two-headed ogre
  8002 | D:10     | Killed a two-headed ogre
  8188 | D:10     | Found a white marble altar of Elyvilon.
  8274 | D:10     | Found a runed translucent door.
  8297 | D:10     | Noticed a two-headed ogre
  8304 | D:10     | Killed a two-headed ogre
  8406 | D:10     | Noticed Kave's ghost (journeyman TrSh)
  8835 | D:11     | Bought a glowing scarf for 256 gold pieces
  8835 | D:11     | Bought a potion of curing for 96 gold pieces
  8955 | D:11     | Noticed a brown ugly thing
  8963 | D:11     | Killed a brown ugly thing
  9108 | D:11     | Noticed a two-headed ogre
  9109 | D:11     | Noticed Lodul
  9256 | D:11     | Killed a two-headed ogre
  9316 | D:11     | Killed Lodul
  9874 | D:11     | Noticed a manticore
  9885 | D:11     | Killed a manticore
 10083 | D:11     | Bought a translucent chain mail for 256 gold pieces
 10083 | D:11     | Identified the +11 chain mail of the Moon {Fly rPois Dex+3}
                  | (You bought it in a shop on level 11 of the Dungeon)
 10179 | D:12     | Reached XP level 12. HP: 106/108 MP: 12/12
 10218 | D:12     | Reached skill level 15 in Fighting
 10361 | D:12     | Found a staircase to the Orcish Mines.
 10444 | Orc:1    | Entered Level 1 of the Orcish Mines
 11026 | Orc:2    | Entered Level 2 of the Orcish Mines
 11034 | Orc:2    | Noticed an orc warlord
 11243 | Orc:2    | Found a staircase to the Elven Halls.
 11313 | Orc:2    | Found a flickering gateway to a bazaar.
 11328 | Bazaar   | Entered a bazaar
 11476 | Bazaar   | Found Dakhekk's Magic Scroll Shoppe.
 11484 | Bazaar   | Bought a scroll of revelation for 52 gold pieces
 11484 | Bazaar   | Bought a scroll of immolation for 28 gold pieces
 11484 | Bazaar   | Bought a scroll of teleportation for 21 gold pieces
 11484 | Bazaar   | Bought 2 scrolls of blinking for 105 gold pieces
 11484 | Bazaar   | Bought a scroll of blinking for 52 gold pieces
 11484 | Bazaar   | Bought a scroll of fog for 28 gold pieces
 11484 | Bazaar   | Bought a scroll of identify for 14 gold pieces
 11484 | Bazaar   | Found Kablais's Weapon Shop.
 11498 | Bazaar   | Found Foutes Xomigh's Armour Shoppe.
 11500 | Bazaar   | Found Buug's Weapon Emporium.
 11516 | Bazaar   | Bought a +2 helmet for 214 gold pieces
 11516 | Bazaar   | Bought a +0 buckler of protection for 149 gold pieces
 12023 | Orc:2    | Killed an orc warlord
 12095 | Orc:2    | Noticed an orc high priest
 12104 | Orc:2    | Killed an orc high priest
 12319 | Orc:2    | Noticed an orc high priest
 12347 | Orc:2    | Killed an orc high priest
 12348 | Orc:2    | Reached XP level 13. HP: 68/119 MP: 13/13
 12532 | Orc:2    | Found Hitan's Distillery.
 12532 | Orc:2    | Found Guzyuthruelec's Armour Shoppe.
 12534 | Orc:2    | Found Yntaug's Book Shop.
 12534 | Orc:2    | Found Vysku's Antique Armour Shop.
 13112 | Lair:1   | Entered Level 1 of the Lair of Beasts
 13116 | Lair:1   | Noticed Sonja
 13130 | Lair:1   | Killed Sonja
 13324 | Lair:1   | Noticed Nergalle
 13331 | Lair:1   | Killed Nergalle
 13590 | Lair:1   | Found a hazy altar of Hepliaklqana.
 14554 | Lair:2   | Found a staircase to the Swamp.
 14730 | Lair:2   | Found a shimmering blue altar of Sif Muna.
 14730 | Lair:2   | You are sucked into a shaft and drop 2 floors!
 14756 | Lair:3   | Noticed Urug
 14761 | Lair:3   | Killed Urug
 14876 | Lair:3   | Noticed Prince Ribbit
 14883 | Lair:3   | Killed Prince Ribbit
 14884 | Lair:3   | Reached XP level 14. HP: 128/130 MP: 14/14
 14884 | Lair:3   | Found a runed translucent gate.
 14884 | Lair:3   | Found a runed translucent gate.
 14884 | Lair:3   | Found a runed translucent gate.
 15519 | Orc:2    | Bought a potion of haste for 180 gold pieces
 15519 | Orc:2    | Bought 2 potions of experience for 1800 gold pieces
 15520 | Orc:2    | Reached skill level 8 in Dodging
 15520 | Orc:2    | Reached XP level 15. HP: 137/137 MP: 15/15
 15522 | Orc:2    | Reached skill level 9 in Dodging
 15522 | Orc:2    | Reached XP level 16. HP: 145/145 MP: 16/16
 15784 | Lair:3   | Noticed Agrajag's ghost (journeyman HOHs)
 16141 | Lair:4   | Noticed Kirke
 16153 | Lair:4   | Killed Kirke
 16386 | Lair:4   | Found a runed translucent door.
 16386 | Lair:4   | Found a viscous altar of Jiyva.
 16386 | Lair:4   | Noticed an azure jelly
 16387 | Lair:4   | Found a staircase to the Slime Pits.
 16387 | Lair:4   | Noticed an azure jelly
 16758 | Lair:5   | Entered Level 5 of the Lair of Beasts
 16891 | Lair:5   | Found a frozen archway.
 17157 | IceCv    | Entered an ice cave
 17607 | IceCv    | Found a viscous altar of Jiyva.
 17607 | IceCv    | Noticed an azure jelly
 17619 | IceCv    | Killed an azure jelly
 17809 | IceCv    | Noticed an azure jelly
 17821 | IceCv    | Killed an azure jelly
 17841 | IceCv    | Identified the ring "Uxzo" {rC+ EV+5 Dex-5 SInv}
 18688 | Lair:5   | Bought a scroll labelled XULU XIORABODI for 32 gold pieces
 18688 | Lair:5   | Bought a wooden ring for 160 gold pieces
 18688 | Lair:5   | Bought a twisted cabochon ring for 160 gold pieces
 18688 | Lair:5   | Bought a potion of heal wounds for 160 gold pieces
 19173 | Lair:2   | Noticed Gastronok
 19187 | Lair:2   | Killed Gastronok
 19902 | Lair:3   | Found a staircase to the Snake Pit.
 19952 | Snake:1  | Entered Level 1 of the Snake Pit
 20184 | Snake:1  | Found Ajojeake's Weapon Boutique.
 20294 | Snake:1  | Noticed Agnes
 20316 | Snake:1  | Killed Agnes
 20715 | Snake:1  | Reached XP level 17. HP: 156/156 MP: 17/17
 22098 | Snake:2  | Noticed Donald
 22111 | Snake:2  | Killed Donald
 22127 | Snake:2  | Identified the +0 ring mail of the True Pharaoh {+Blink}
 23147 | Snake:3  | Found a stormy altar of Qazlal.
 23254 | Snake:3  | Found Ylusadepp's Weapon Boutique.
 23293 | Snake:3  | Noticed Roxanne
 23497 | Snake:3  | Killed Roxanne
 23605 | Snake:3  | Reached skill level 1 in Shapeshifting
 24019 | Snake:4  | Entered Level 4 of the Snake Pit
 24031 | Snake:4  | Reached skill level 5 in Shapeshifting
 24913 | Snake:4  | Reached XP level 18. HP: 164/166 MP: 18/18
 24972 | Snake:4  | Reached skill level 10 in Shapeshifting
 25489 | Snake:4  | Got a serpentine rune of Zot
 25873 | Swamp:1  | Entered Level 1 of the Swamp
 27089 | Swamp:3  | Reached skill level 15 in Shapeshifting
 27418 | Swamp:3  | Acquired the +0 helmet of the Planets {+Inv rF+ Int+3}
 27455 | Swamp:3  | Reached skill level 10 in Dodging
 27579 | Swamp:3  | Found a transporter.
 27581 | Swamp:3  | Noticed Qagg's ghost (adept KoBe)
 27585 | Swamp:3  | Found a bloodstained altar of Trog.
 27588 | Swamp:3  | Found a transporter.
 27723 | Swamp:4  | Entered Level 4 of the Swamp
 27835 | Swamp:4  | Reached skill level 11 in Dodging
 27842 | Swamp:4  | Reached XP level 19. HP: 173/173 MP: 19/19
 28049 | Swamp:4  | Reached skill level 12 in Dodging
 28189 | Swamp:4  | Got a decaying rune of Zot
 28677 | D:13     | Found a runed translucent door.
 28681 | D:13     | Noticed Haresteo's ghost (journeyman TrSh)
 28681 | D:13     | Identified the +1 trident of Bodily Humours {pain, rF+ MP+9
                  | Dex+3}
 28793 | D:13     | Identified the ring "Ighaim" {Will+ Dex+6}
 28813 | D:13     | Found a gate to the Vaults.
 28831 | D:13     | Reached skill level 13 in Dodging
 28870 | Vaults:1 | Entered Level 1 of the Vaults
 29292 | Vaults:1 | Reached skill level 14 in Dodging
 29716 | Vaults:1 | Reached skill level 15 in Dodging
 30209 | Vaults:2 | Found Sykkac's Jewellery Boutique.
 30235 | Vaults:2 | Reached skill level 16 in Dodging
 30303 | Vaults:2 | Noticed Xtahua
 30315 | Vaults:2 | Paralysed by Xtahua for 5 turns
 30321 | Vaults:2 | Killed Xtahua
 30370 | Vaults:2 | Bought an amulet of reflection for 390 gold pieces
 30408 | Vaults:2 | Reached XP level 20. HP: 180/180 MP: 20/20
 30479 | Vaults:2 | Reached skill level 17 in Dodging
 30968 | Vaults:2 | Found a staircase to the Crypt.
 31036 | Vaults:2 | Found a transporter.
 31130 | Vaults:2 | Acquired 824 gold pieces
 31192 | Vaults:2 | Bought a glowing scarf for 304 gold pieces
 31212 | Vaults:2 | Found a transporter.
 31551 | Vaults:3 | Reached skill level 18 in Dodging
 31884 | Vaults:3 | Reached skill level 19 in Dodging
 32292 | Vaults:3 | Reached skill level 20 in Dodging
 32678 | Vaults:4 | Noticed Mara
 32688 | Vaults:4 | Noticed DevouringOne's illusion
 32738 | Vaults:4 | Noticed DevouringOne's illusion
 32743 | Vaults:4 | Killed Mara
 32801 | Vaults:4 | Reached XP level 21. HP: 187/187 MP: 21/21
 32802 | Vaults:4 | Found a crumbling gateway.
 32823 | Desolati | Entered the Desolation of Salt
 32885 | Desolati | Reached skill level 21 in Dodging
 33270 | Desolati | Identified the ring "Bubbid" {rN+ Str+6 Int+3}
 33466 | Desolati | Identified the amulet "Yza Suon" {Will+ Regen+ rCorr Str-5
                  | Slay+2}
 33484 | Desolati | Got Sif Muna's Tome of the Algid Cwm
 33499 | Desolati | Identified the +5 sling of the Thirsty People {drain, Int+3
                  | Stlth+}
 33656 | Desolati | Identified the ring of the Saviour {rElec rF++ Int+6}
 33666 | Desolati | Identified the +5 flail "Lotaic" {freeze, rPois rN+ Will+
                  | Dex-4}
 33701 | Desolati | Reached skill level 22 in Dodging
 33859 | Desolati | Identified the ring of Xept {Ice Dex+3}
 34874 | Vaults:5 | Entered Level 5 of the Vaults
 34874 | Vaults:5 | Noticed a golden dragon
 34890 | Vaults:5 | Reached skill level 23 in Dodging
 34924 | Vaults:5 | Noticed a dread lich
 34936 | Vaults:5 | Noticed a golden dragon
 34968 | Vaults:5 | Killed a dread lich
 35014 | Vaults:5 | Noticed a golden dragon
 35018 | Vaults:5 | Killed a golden dragon
 35046 | Vaults:5 | Reached XP level 22. HP: 125/194 MP: 22/22
 35080 | Vaults:5 | Identified the ring of Ixkiwed {rElec rCorr Str+6 Dex-5}
 35088 | Vaults:5 | Reached skill level 24 in Dodging
 35125 | Vaults:5 | Killed a golden dragon
 35167 | Vaults:5 | Killed a golden dragon
 35425 | Vaults:5 | Reached skill level 25 in Dodging
 35460 | Vaults:5 | Identified the ring of the Rose {Fire *Corrode Int+4}
 35514 | Vaults:5 | Identified the +8 quarterstaff "Des Qowu" {flame, rN+}
 35534 | Vaults:5 | Identified the +4 great mace of Diet Blood {holy, Will+
                  | Dex+2}
 35570 | Vaults:5 | Identified the +8 spear of Lyecs {vamp, rC+ Str+2 Dex+2}
 35578 | Vaults:5 | Identified the +7 longbow of Dullness {heavy, Contam rC++
                  | Dex+3}
 35584 | Vaults:5 | Identified the ring of Rostrues {rF+ rC+ Str+6}
 35654 | Vaults:5 | Reached skill level 26 in Dodging
 35928 | Vaults:5 | Got the Teachings on Terrestrial Evil Arts
 36091 | Vaults:5 | Noticed a golden dragon
 36091 | Vaults:5 | Noticed an ancient lich
 36101 | Vaults:5 | Killed an ancient lich
 36102 | Vaults:5 | Reached XP level 23. HP: 201/201 MP: 23/23
 36109 | Vaults:5 | Killed a golden dragon
 36336 | Vaults:5 | Identified the staff of Cydwur {Dex+3 Earth}
 36370 | Vaults:5 | Got a silver rune of Zot
 36835 | Vaults:5 | Identified the +1 sling of Wu Jian's Hatred {freeze,
                  | Fragile rC++ Str-4 Int+2}
 37098 | D:14     | Reached skill level 5 in Shields
 37430 | D:14     | Found a transporter.
 37432 | D:14     | Found a transporter.
 37434 | D:14     | Found a transporter.
 37556 | D:14     | Found a transporter.
 37635 | D:15     | Entered Level 15 of the Dungeon
 37812 | D:15     | Found a staircase to the Depths.
 37850 | Depths:1 | Entered Level 1 of the Depths
 37994 | Depths:3 | Found a one-way gateway to a ziggurat.
 38056 | Zig:1    | Entered Level 1 of a ziggurat
 38095 | Zig:2    | Entered Level 2 of a ziggurat
 38137 | Zig:2    | Identified the +9 dagger of the Shining Light {pain, rF-
                  | Str+2 SInv}
 38143 | Zig:3    | Entered Level 3 of a ziggurat
 38194 | Zig:3    | Reached XP level 24. HP: 133/208 MP: 23/23
 38195 | Zig:3    | Acquired 901 gold pieces
 38199 | Zig:3    | Acquired 671 gold pieces
 38203 | Zig:3    | Acquired 399 gold pieces
 38258 | Zig:4    | Entered Level 4 of a ziggurat
 38280 | Zig:4    | Reached skill level 10 in Shields
 38318 | Zig:4    | Identified the ring of the Greedy {Str+3 Int+6 Dex+4
                  | Slay-6}
 38553 | Depths:4 | Entered Level 4 of the Depths
 38767 | Depths:4 | Identified the +2 dagger of Foul Odours {drain, Str+3
                  | Stlth+}
 38786 | Depths:4 | Found a shadowy altar of Dithmenos.
 38788 | Depths:4 | Found a gateway to Hell.
 39082 | Depths:4 | Noticed a caustic shrike
 39083 | Depths:4 | Noticed a caustic shrike
 39089 | Depths:4 | Noticed a caustic shrike
 39094 | Depths:4 | Killed a caustic shrike
 39103 | Depths:4 | Killed a caustic shrike
 39307 | Depths:4 | Found a broken altar of Ashenzari.
 39340 | Depths:4 | Killed a caustic shrike
 39361 | Depths:4 | Found a stormy altar of Qazlal.
 39374 | Depths:4 | Reached XP level 25. HP: 215/215 MP: 23/23
 39517 | Depths:4 | Reached skill level 15 in Shields
 39599 | Depths:4 | Found a gate to the Realm of Zot.
 39608 | Zot:1    | Entered Level 1 of the Realm of Zot
 39789 | Zot:1    | Found a huge runed gate.
 39789 | Zot:1    | Found a huge runed gate.
 39789 | Zot:1    | Found a huge runed gate.
 39789 | Zot:1    | Found a huge runed gate.
 39789 | Zot:1    | Found a huge runed gate.
 39789 | Zot:1    | Found a huge runed gate.
 39789 | Zot:1    | Found a huge runed gate.
 39789 | Zot:1    | Found a huge runed gate.
 39789 | Zot:1    | Found a huge runed gate.
 39791 | Zot:1    | Found a huge runed gate.
 39839 | Zot:1    | Noticed Cuehoi Muffi's ghost (legendary TeBe)
 39839 | Zot:1    | Noticed Iqymp's ghost (legendary MiFi)
 39839 | Zot:1    | Noticed Egutz's ghost (master TrFi)
 39839 | Zot:1    | Found a huge runed gate.
 39839 | Zot:1    | Found a huge runed gate.
 39839 | Zot:1    | Found a huge runed gate.
 39839 | Zot:1    | Found a huge runed gate.
 39839 | Zot:1    | Found a huge runed gate.
 39839 | Zot:1    | Found a huge runed gate.
 39839 | Zot:1    | Found a huge runed gate.
 39839 | Zot:1    | Found a huge runed gate.
 39840 | Zot:1    | Found a huge runed gate.
 39840 | Zot:1    | Found a huge runed gate.
 39840 | Zot:1    | Noticed Gusador's ghost (legendary MiFi)
 39840 | Zot:1    | Noticed Celeygasm's ghost (legendary DsGl)
 39840 | Zot:1    | Noticed Egutz's ghost (master TrFi)
 39843 | Zot:1    | Found a huge runed gate.
 39843 | Zot:1    | Found a huge runed gate.
 39846 | Zot:1    | Found a huge runed gate.
 39847 | Zot:1    | Found a huge runed gate.
 39877 | Zot:1    | Found a huge runed gate.
 39877 | Zot:1    | Found a huge runed gate.
 39878 | Zot:1    | Found a huge runed gate.
 39879 | Zot:1    | Found a huge runed gate.
 40061 | Zot:2    | Noticed a Killer Klown
 40077 | Zot:2    | Killed a Killer Klown
 40095 | Zot:2    | Noticed a Killer Klown
 40110 | Zot:2    | Killed a Killer Klown
 40292 | Zot:5    | Entered Level 5 of the Realm of Zot
 40440 | Zot:5    | Identified the +8 great mace "Olemnat" {holy, Int+2}
 40675 | Zot:5    | Noticed a dread lich
 40682 | Zot:5    | Noticed a dread lich
 40685 | Zot:5    | Noticed an orb of fire
 40691 | Zot:5    | Noticed a Killer Klown
 40692 | Zot:5    | Noticed a Killer Klown
 40692 | Zot:5    | Noticed a Killer Klown
 40692 | Zot:5    | Noticed a Killer Klown
 40695 | Zot:5    | Killed a Killer Klown
 40704 | Zot:5    | Noticed an orb of fire
 40704 | Zot:5    | Killed a Killer Klown
 40708 | Zot:5    | Killed a Killer Klown
 40710 | Zot:5    | Killed a Killer Klown
 40712 | Zot:5    | Killed a dread lich
 40717 | Zot:5    | Noticed a Killer Klown
 40723 | Zot:5    | Killed a Killer Klown
 40727 | Zot:5    | Noticed a Killer Klown
 40729 | Zot:5    | Noticed an orb of fire
 40730 | Zot:5    | Got the Orb of Zot
 40731 | Zot:5    | Killed a Killer Klown
 40742 | Zot:5    | Noticed an ancient lich
 40749 | Zot:5    | Killed a dread lich
 40750 | Zot:5    | Reached XP level 26. HP: 222/222 MP: 23/23
 40833 | Zot:4    | Noticed Risewn the pandemonium lord
 41080 | Depths:3 | Noticed a seraph
 41093 | Depths:2 | Killed a seraph
 41237 | D:13     | Noticed Dotodd the pandemonium lord
 41310 | D:10     | Noticed Oroetij the pandemonium lord
 41549 | D:$      | Escaped with the Orb!

Illustrated notes

Levels and vault maps discovered:
D:1:      eino_arrival_druids_welcome, layout_basic,
          hellmonk_ecumenical_altar_inner_sanctum, serial_curves,
          eino_curves_04, eino_curves_01, minmay_door_square
D:2:      layout_basic, serial_rivers, chequers_serial_rivers_marsh,
          chequers_serial_rivers_micro_b, chequers_serial_rivers_micro_c,
          chequers_serial_rivers_micro_e, chequers_serial_rivers_small_a,
          chequers_serial_rivers_micro_d
D:3:      layout_basic, mainiacjoe_overflow_surrounded_room,
          mainiacjoe_overflow_boulevard, chequers_serial_rivers_micro_c,
          minmay_joined_circles, uniq_crazy_yiuf_cottage, uniq_sigmund
D:4:      layout_basic, general_overflow_altar, nemelex_dance_club_becter,
          okawaru_trees_1, marbit_many_paths, doesnt_xom_only_xom, uniq_natasha,
          uniq_blork_the_orc
D:5:      layout_rooms, chei_slow_surprise, fedhas_altar_3,
          mainiacjoe_overflow_alcove_4, serial_shops,
          nicolae_book_shop_shelving, corexii_leaking_fountain
D:6:      layout_loops_cross, kennysheep_mini, minmay_temple_entry_wispy,
          serial_shops, shop, minmay_guarded_unrand_staff_of_olgreb
D:7:      layout_cave_pools, lemuel_doored_altar, nicolae_tso_besieged_by_evil,
          hangedman_decor_push
D:8:      layout_rooms, amcnicky_altar_gilded, zin_angel
D:9:      kennysheep_spiral_hall, layout_small_grid
D:10:     layout_stronghold, elyvilon_altar_1, grunt_lair_entry_orc_guard_hut,
          serial_column_ruins, column_ruins_square_large,
          column_ruins_columns_straight, column_ruins_open_medium,
          column_ruins_columns_corner, column_ruins_corridor_straight,
          ebering_ghost_reflecting_pool
D:11:     layout_rooms, uniq_lodul
D:12:     layout_cave_pools, orc_0_dummy
D:13:     layout_irregular_city, grunt_vaults_entry_tiered,
          ebering_ghost_funeral_grove, nicolae_wu_jian_immortal_techniques
D:14:     layout_irregular_city, hangedman_decor_peaks_small, drop_trap,
          nicolae_diode_quadrants
D:15:     grunt_enter_depths_magical_seal, layout_layer_cave, minmay_evil_grid
Lair:1:   layout_hall_layers, basic_altar, special_room [special_room_bee],
          uniq_nergalle, uniq_sonja
Lair:2:   layout_cave_pods, swamp_mist_pool, enter_volcano_2, basic_altar,
          uniq_gastronok
Lair:3:   layout_regular_city, nicolae_snake_entry_warm_welcome,
          gammafunk_ghost_icy, nicolae_lair_liquid_snakes, uniq_prince_ribbit2,
          uniq_urug
Lair:4:   layout_cave_pods, slime_entry_2, infiniplex_staircase_pool_2,
          grunt_megastairs_2, uniq_kirke
Lair:5:   guppyfry_lair_end_dragon, layout_regular_city,
          portal_ice_cave_entry_pillars_2, st_stairs_6, serial_bayou_shore_a
Swamp:1:  layout_basic_swamp, hangedman_swamp_pad
Swamp:2:  layout_basic_swamp, serial_swamp_ruin, evilmike_swamp_ruin_house_4,
          evilmike_swamp_ruin_rubble_1
Swamp:3:  layout_falls_marsh, gammafunk_ghost_wrathful_warriors,
          nicolae_swamp_bean_lake, swamp_pool_1_2
Swamp:4:  swamp, layout_basic_swamp
Snake:1:  layout_layer_cave, serial_shops, shop, uniq_agnes
Snake:2:  layout_grid_shapes, grunt_megastairs_4, lemuel_fruit_tree, uniq_donald
Snake:3:  layout_onion_interference, basic_altar, serial_shops, shop,
          st_stairs_12, uniq_roxanne
Snake:4:  snake_pit, layout_cave_town, hangedman_snake_corridor_cut
Orc:1:    layout_caves, serial_shops
Orc:2:    st_orc_elflike, layout_caves, serial_shops, bzr_entry_gold
Vaults:1: ontoclasm_vaults_spin, v_misc_4, vaults_room_hangedman_quadrants,
          nicolae_vaults_network_star, ontoclasm_vaults_ligature,
          nicolae_vaults_little_squares_3, hangedman_vaults_pinch,
          nicolae_vaults_circle_grid_a, nicolae_vaults_diamond_1,
          nicolae_vaults_trapezoid_lopsided_3, layout_vaults_omnicross
Vaults:2: vaults_room_fours, vaults_room_ringed_pool,
          minmay_crypt_entry_vampire_xt, gammafunk_sealed_arena,
          nicolae_vaults_more_shelving_2, v_rooms_1, v_misc_23,
          ontoclasm_vaults_shuriken, serial_ice_h, ontoclasm_vaults_hangar,
          nicolae_vaults_tetromino_Z_1, v_misc_2, nicolae_vaults_shelves_hall,
          v_misc_1, hangedman_vaults_cutoff, vaults_room_door_ring,
          layout_vaults_omnibox, serial_shops, shop, uniq_xtahua
Vaults:3: nicolae_vaults_tangram_1, ontoclasm_vaults_twist,
          nicolae_vaults_little_ls, v_misc_12, nicolae_vaults_turnstiles,
          vaults_mumra_minichess, nicolae_vaults_trapezoid_1,
          nicolae_vaults_border_crossing, v_misc_5, layout_vaults_maze_bifur
Vaults:4: portal_desolation_entry_nicolae_nacl, nicolae_vaults_cochlea,
          nicolae_vaults_triangles, nicolae_vaults_cochlea,
          nicolae_vaults_hexular_roomagon, st_smaller_cells,
          dpeg_vaults_monster_row, vaults_room_corners, vaults_room_fours,
          nicolae_vaults_weapon_check, layout_vaults_big_room, uniq_mara
Vaults:5: serial_shops
Depths:1: layout_gridlike, gammafunk_ghost_cemetery, grunt_pan_entry_sceptre,
          minmay_room_of_horrors, hell_entry, kennysheep_small_square
Depths:2: minmay_skeletal_surprise, layout_honeycomb,
          nicolae_elevator_lobby_plus, rand_demon_pan_entry_5, pf_coc_iceberg
Depths:3: gammafunk_dig_for_victory, layout_gridlike, enter_ziggurat_b,
          hell_entry, hangedman_decor_diamond_cutter,
          abyss_entry_small_statue_room
Depths:4: grunt_profane_halls [grunt_profane_temple_dis,
          grunt_profane_temple_coc, grunt_profane_temple_tar,
          grunt_profane_temple_geh, grunt_zot_portal], abyss_entry, hell_entry
Zot:1:    layout_basic, gammafunk_ghost_door_vault
Zot:2:    grunt_zot_stairs_faceoff, layout_gridlike, bh_zot_ikea_curve,
          uniq_josephina
Zot:3:    layout_misc_corridors, grunt_ministairs_5, lemuel_lich_library
Zot:4:    layout_gridlike
Zot:5:    layout_gridlike

Skill      XL: |  1  2  3  4  5  6  7  8  9 10 11 12 13 14 15 16 17 18 19 20 21 22 23 24 25 26 |
---------------+-------------------------------------------------------------------------------+-----
Polearms       | 3 4 5 7 8 10 12 15 17 19 21 23 24 | 24.8
Fighting       | 4 5 6 7 9 11 13 14 16 18 20 21 | 21.5
Dodging        | 8 9 11 16 20 23 26 | 26.7
Stealth        | 4 |  4.1
Shields        | 4 9 14 19 20 | 20.6
Shapeshifting  | 9 16 18 19 21 22 | 22.8
Armour         | |  2.1

Action                     |  1- 3 |  4- 6 |  7- 9 | 10-12 | 13-15 | 16-18 | 19-21 | 22-24 | 25-27 || total
---------------------------+-------+-------+-------+-------+-------+-------+-------+-------+-------++-------
  Melee: Trident           |   100 |   109 |   105 |       |       |       |       |       |       ||   314
         Demon trident     |       |       |   195 |   590 |   297 |  1604 |  1697 |  1277 |   619 ||  6279
         Tailslap          |       |       |       |       |       |     6 |    13 |       |       ||    19
  Throw: Dart              |       |       |       |     9 |       |       |       |       |       ||     9
         Throwing net      |       |       |       |     2 |       |     1 |       |       |       ||     3
 Invoke: Call Merchant     |       |       |       |     3 |       |     3 |     1 |       |       ||     7
         Potion Petition   |       |       |       |       |       |     1 |     3 |     2 |     3 ||     9
         Bribe Branch      |       |       |       |       |       |       |       |       |     2 ||     2
  Evoke: Wand              |       |       |       |     8 |       |     4 |       |       |     7 ||    19
         Phantom mirror    |       |       |       |       |       |       |       |     1 |     1 ||     2
         Lightning rod     |       |       |       |       |       |       |       |       |     4 ||     4
    Use: Potion            |     1 |       |     2 |     4 |     3 |     4 |     4 |     5 |     6 ||    29
         Scroll            |       |     6 |     7 |    12 |     8 |    17 |    10 |     7 |    17 ||    84
   Stab: Distracted        |       |       |     2 |     4 |     1 |     9 |    13 |     7 |     1 ||    37
         Confused          |       |       |       |       |       |     1 |       |       |       ||     1
         Sleeping          |       |       |       |       |       |       |    18 |     4 |     2 ||    24
         Invisible         |       |       |       |       |       |       |       |       |     5 ||     5
 Armour: Scale mail        |    44 |    49 |    99 |   121 |       |       |       |       |       ||   313
         Chain mail        |       |       |       |   178 |   197 |   744 |       |       |       ||  1119
         Skin              |       |       |       |       |       |    92 |  1052 |  1152 |   568 ||  2864
  Dodge: Dodged            |    21 |    22 |    43 |   102 |    51 |   786 |  1598 |  1471 |   643 ||  4737
         Repelled          |       |       |       |     1 |     1 |    72 |    20 |    26 |    22 ||   142
  Block: Buckler           |    21 |    19 |    45 |    61 |    43 |   266 |   706 |   552 |   118 ||  1831
         Reflection        |       |       |       |       |       |       |     1 |       |       ||     1
         Tower shield      |       |       |       |       |       |       |       |       |   594 ||   594
   Form: Statue            |       |       |       |       |       |     1 |       |       |       ||     1

Table legend: (Time is in decaauts)
 A = Elapsed time spent in this place.
 B = Non-inter-level travel time spent in this place.
 C = Inter-level travel time spent in this place.
 D = Time resting spent in this place.
 E = Time spent auto-exploring this place.
 F = Levels seen in this place.
 G = Mean time per level.
                   A        B        C        D        E       F      G
               +--------+--------+--------+--------+--------+-----+--------+
         Total |  45307 |  41204 |   4103 |   1225 |  29235 |  51 |  888.4 |
       Dungeon |  12937 |  11559 |   1378 |    351 |   9139 |  15 |  862.5 |
          Lair |   5916 |   5244 |    672 |     74 |   4296 |   5 | 1183.2 |
         Swamp |   2559 |   2375 |    184 |      0 |   1681 |   4 |  639.8 |
     Snake Pit |   5538 |   5326 |    212 |    301 |   3994 |   4 | 1384.5 |
  Orcish Mines |   2079 |   1820 |    259 |    129 |   1254 |   2 | 1039.5 |
        Vaults |   9434 |   8871 |    563 |     31 |   6401 |   5 | 1886.8 |
        Depths |   2072 |   1668 |    404 |     73 |    502 |   4 |  518.0 |
           Zot |   1863 |   1435 |    428 |     19 |    499 |   5 |  372.6 |
      Ziggurat |    354 |    354 |      0 |     52 |    103 |   4 |   88.5 |
        Bazaar |    234 |    234 |      0 |      0 |    176 |   1 |  234.0 |
      Ice Cave |    775 |    775 |      0 |     43 |    467 |   1 |  775.0 |
    Desolation |   1542 |   1542 |      0 |    150 |    720 |   1 | 1542.0 |
               +--------+--------+--------+--------+--------+-----+--------+

Top non-repeatable levels by time:
Vaults:5: 2552 daAuts
Vaults:2: 2000 daAuts
Vaults:1: 1812 daAuts
 Snake:3: 1653 daAuts
Vaults:4: 1571 daAuts
 Snake:4: 1546 daAuts
Desolation: 1542 daAuts
Vaults:3: 1498 daAuts
    D:10: 1496 daAuts
Depths:4: 1398 daAuts
 Snake:1: 1384 daAuts
     D:3: 1328 daAuts
     D:9: 1268 daAuts
  Lair:2: 1236 daAuts
    D:11: 1232 daAuts
